 Dungeon Crawl Stone Soup version 0.24.0-13-gcf9b3192b9 (webtiles) character file.

Game seed: 8277634098767670161, levelgen mode: deterministic

177 mopl the Insei (level 5, -4/29 HPs)
             Began as a Tengu Transmuter on Nov 5, 2019.
             Was an Initiate of Ru.
             Slain by a worker ant (8 damage)
             ... on level 4 of the Dungeon.
             The game lasted 00:06:14 (3317 turns).

mopl the Insei (Tengu Transmuter)                   Turns: 3317, Time: 00:06:14

Health: -4/29      AC:  3    Str: 11    XL:     5   Next: 57%
Magic:  0/10       EV: 15    Int: 14    God:    Ru [......]
Gold:   109        SH:  0    Dex: 14    Spells: 3/9 levels left

rFire    . . .     SeeInvis .     - Unarmed
rCold    . . .     Gourm    .   (no shield)
rNeg     . . .     Faith    .   b - +0 robe
rPois    .         Spirit   .   (helmet restricted)
rElec    .         Reflect  .   (no cloak)
rCorr    .         Harm     .   e - +0 pair of gloves
MR       .....                  (boots unavailable)
Stlth    +.........             (no amulet)
HPRegen  0.09/turn              (no ring)
MPRegen  0.12/turn              (no ring)

@: flying quickly and evasively, very slightly contaminated, quick
A: beak, talons 3, able to fly
a: Stop Flying, Renounce Religion


You were on level 4 of the Dungeon.
You worshipped Ru.
Ru was noncommittal.
You were not hungry.

You visited 1 branch of the dungeon, and saw 4 of its levels.

You collected 109 gold pieces.

Inventory:

Missiles
 a - 9 arrows
 s - 4 poisoned darts (quivered)
Armour
 b - a +0 robe (worn)
 e - a +0 pair of gloves (worn)
 k - a cursed +0 shield
Wands
 q - a wand of acid (11)
 w - a wand of digging (4)
Scrolls
 d - 5 scrolls of remove curse
 i - a scroll of fog {unknown}
 l - 2 scrolls of amnesia
 n - 3 scrolls of enchant weapon {unknown}
 o - a scroll of magic mapping {unknown}
 p - a scroll of immolation {unknown}
 u - 2 scrolls of identify {unknown}
Potions
 f - a potion of ambrosia
 g - a potion of haste {unknown}
 h - a potion of berserk rage {unknown}
 j - a potion of flight {unknown}
 m - a potion of mutation {unknown}
 r - a potion of curing {unknown}
 t - a potion of heal wounds {unknown}
Comestibles
 c - 7 rations


   Skills:
 - Level 1.0 Fighting
 - Level 2.1 Dodging
 * Level 4.7 Unarmed Combat
 + Level 2.8 Spellcasting
 * Level 3.0 Transmutations
 + Level 1.3 Poison Magic


You had 3 spell levels left.
You knew the following spells:

 Your Spells              Type           Power        Failure   Level  Hunger
a - Beastly Appendage     Tmut           ##....       6%          1    #......
b - Spider Form           Tmut/Pois      #.........   26%         3    ###....
w - Sticks to Snakes      Tmut           ##......     10%         2    ###....

Your spell library contained the following spells:

 Spells                   Type           Power        Failure   Level  Hunger
 Ice Form                 Ice/Tmut       #.......     75%         4    #####..
 Blade Hands              Tmut           ##........   86%         5    ######.


Dungeon Overview and Level Annotations

Branches:
Dungeon (4/15)
 Temple: D:4-7

Altars:
Ru


Innate Abilities, Weirdness & Mutations

You have a beak for a mouth.
You have claws for feet.
You can fly continuously.


Message History

Found a scroll labeled NYGGUA KEPTO.
The leopard gecko barely misses your ball python.
Your ball python bites the leopard gecko but does no damage.
Your ball python grabs the leopard gecko.
Your ball python constricts the leopard gecko.
The leopard gecko bites your ball python.
Your ball python bites the leopard gecko.
Your ball python constricts the leopard gecko.
The leopard gecko bites your ball python.
Your ball python dies!
Casting: Sticks to Snakes (safe; 10% risk of failure)
Confirm with . or Enter, or press ? or * to list all spells.
You create a snake!
You now have 10 arrows.
The leopard gecko barely misses your ball python.
The leopard gecko bites your ball python.
Your ball python dies!
Casting: Sticks to Snakes (safe; 10% risk of failure)
Confirm with . or Enter, or press ? or * to list all spells.
You create a snake!
You now have 9 arrows.
The worker ant bites you!
You die...

?#####...####..#.
.................
.......†)........
.................
#####.l.<).....#
###...####...#
#.S....# .#
#a#....#
#@#......#
#.#.....##
#.#......#.
#.####.#... ...
.##.. .## # . #.


You could see a worker ant, a leopard gecko and a friendly ball python.

Vanquished Creatures
  An orc priest (D:4)
  7 adders
  An ooze (D:3)
  A worm (D:2)
  2 dart slugs (D:1)
  3 leopard geckos
  5 orcs
  2 ball pythons (D:3)
  3 giant cockroaches
  5 goblins
  5 hobgoblins
  3 jackals (D:3)
  2 quokkas (D:2)
  11 bats
  6 kobolds
  12 rats
69 creatures vanquished.

Notes
Turn   | Place    | Note
-------+----------+-------------------------------------------
     0 | D:1      | mopl the Tengu Transmuter began the quest for the Orb.
     0 | D:1      | Reached XP level 1. HP: 12/12 MP: 4/4
     2 | D:1      | Noticed a merfolk
     2 | D:1      | Noticed a spriggan
     4 | D:1      | Noticed an ogre
     4 | D:1      | Noticed a formicid
     6 | D:1      | Noticed an octopode
     6 | D:1      | Noticed a naga
     8 | D:1      | Noticed a halfling
    10 | D:1      | Noticed a dwarf
    10 | D:1      | Noticed a demonspawn
    12 | D:1      | Noticed a draconian
    12 | D:1      | Noticed a demigod
    14 | D:1      | Noticed a centaur
    14 | D:1      | Noticed a felid
    16 | D:1      | Noticed an elf
    16 | D:1      | Noticed a vampire
    18 | D:1      | Noticed a human
    20 | D:1      | Noticed a ghoul
    22 | D:1      | Noticed a minotaur
    24 | D:1      | Noticed a vine stalker
    24 | D:1      | Noticed a troll
    26 | D:1      | Noticed a tengu
    26 | D:1      | Noticed a gargoyle
    88 | D:1      | Reached XP level 2. HP: 16/16 MP: 4/6
    92 | D:1      | Learned a level 2 spell: Sticks to Snakes
   295 | D:1      | Reached XP level 3. HP: 16/20 MP: 5/7
   445 | D:1      | Learned a level 3 spell: Spider Form
   839 | D:2      | Reached skill level 4 in Unarmed Combat
  1115 | D:2      | Reached XP level 4. HP: 18/25 MP: 8/8
  1597 | D:3      | Found a sacrificial altar of Ru.
  1619 | D:3      | Became a worshipper of Ru the Awakened
  1861 | D:3      | Reached skill level 1 in Poison Magic
  2022 | D:3      | Gained mutation: You can fly continuously. [Tengu growth]
  2022 | D:3      | Reached XP level 5. HP: 15/29 MP: 9/9
  3317 | D:4      | Slain by a worker ant

Levels and vault maps discovered:
D:1:      kb_arrival_jail, layout_basic, minmay_misc_feat_rugged
D:2:      layout_basic, first_ration, interstate_on_off,
          minmay_misc_feat_plants, chequers_serial_rivers_micro_a
D:3:      wad_lake_hut, layout_basic, nicolae_ru_great_annihilating_truth
D:4:      layout_loops_cross, serial_glass, glass_columns_a, glass_columns_a,
          item_on_display_a, minmay_strange_pillars, minmay_quantized

Skill      XL: |  1  2  3  4  5 |
---------------+----------------+-----
Transmutations | 2 3 |  3.0
Unarmed Combat | 4 |  4.7
Poison Magic   | 1 |  1.3
Fighting       | |  1.0
Dodging        | |  2.1
Spellcasting   | |  2.8

Action                   |  1- 3 |  4- 6 || total
-------------------------+-------+-------++-------
Melee: Unarmed           |    74 |    97 ||   171
       Headbutt          |     7 |     6 ||    13
       Kick              |    11 |    12 ||    23
       Peck              |    11 |     7 ||    18
       Punch             |     2 |     1 ||     3
Throw: Dart              |       |     1 ||     1
 Cast: Beastly Appendage |    18 |    25 ||    43
       Sticks to Snakes  |       |     3 ||     3
       Spider Form       |       |     1 ||     1
 Abil: Fly               |       |     1 ||     1
  Use: Scroll            |       |     2 ||     2
       Potion            |       |     1 ||     1
 Stab: Paralysed         |       |     1 ||     1
  Eat: Chunk             |     1 |     5 ||     6
       Ration            |       |     1 ||     1
Armor: Robe              |    10 |    41 ||    51
Dodge: Dodged            |    53 |    95 ||   148
